 Dungeon Crawl Stone Soup version 0.22-a0-866-geee5034 (webtiles) character file.

117525 Amnesiac the Earth Mage (level 16, 0/96 HPs)
             Began as a Mummy Earth Elementalist on July 28, 2018.
             Was the Champion of Vehumet.
             Slain by an anaconda (1 damage)
             ... on level 4 of the Snake Pit.
             The game lasted 00:58:48 (28947 turns).

Amnesiac the Earth Mage (Mummy Earth Elementalist) Turns: 28947, Time: 00:58:49

Health: 0/96       AC: 12    Str: 12    XL:     16   Next: 23%
Magic:  25/39      EV:  9    Int: 31    God:    Vehumet [******]
Gold:   778        SH:  0    Dex: 12    Spells: 7/53 levels left

rFire    . . .     SeeInvis +   a - staff of earth
rCold    + + .     Gourm    .   (no shield)
rNeg     + + +     Faith    .   s - +2 robe {rC+ rF+}
rPois    ∞         Spirit   .   c - +0 helmet
rElec    .         Reflect  .   O - +2 cloak of the Thief {+Fog Slay-2 SInv Stlth+}
rCorr    .         Harm     .   P - +0 pair of gloves of Foleg {Int+7} (curse)
MR       ++...                  N - +2 pair of boots {Fly}
Stlth    +++.......             u - amulet of regeneration
HPRegen  0.66/turn              f - ring of wizardry
MPRegen  0.26/turn              A - ring "Korhel" {Int+3 SInv}

@: flying, constricted
A: no food or potions, fire vulnerability, cold resistance 1, negative energy
resistance 3, torment resistance, unbreathing, in touch with death 1
a: Renounce Religion, Evoke Fog, Stop Flying


You were on level 4 of the Snake Pit.
You worshipped Vehumet.
Vehumet was exalted by your worship.
You were not hungry.

You visited 5 branches of the dungeon, and saw 25 of its levels.

You collected 2680 gold pieces.
You spent 1902 gold pieces at shops.

Inventory:

Hand Weapons
 b - the +5 dagger "Xeej" {drain, rF+}
   (You found it on level 4 of the Dungeon)

   A truly terrible weapon, it drains the life of those it strikes.
   It protects you from fire.
Missiles
 v - 461 stones (quivered)
Armour
 c - a +0 helmet (worn)
 s - a +2 robe of resistance (worn)
 G - a +0 buckler
 N - a +2 pair of boots of flying (worn)
 O - the +2 cloak of the Thief (worn) {+Fog Slay-2 SInv Stlth+}
   (You bought it in a shop on level 3 of the Snake Pit)

   It affects your accuracy and damage with ranged weapons and melee attacks
   (-2).
   It lets you see invisible.
   It makes you more stealthy.
 P - the cursed +0 pair of gloves of Foleg (worn) {Int+7}
   (You bought it in a shop on level 3 of the Snake Pit)

   It affects your intelligence (+7).
   It has a curse placed upon it.
Magical Staves
 a - an uncursed staff of earth (weapon)
Jewellery
 f - a ring of wizardry (left hand)
 q - an uncursed amulet of the acrobat {unknown}
 u - an amulet of regeneration (around neck)
 A - the ring "Korhel" (right hand) {Int+3 SInv}
   (You bought it in a shop on level 2 of the Orcish Mines)

   [ring of see invisible]

   It affects your intelligence (+3).
   It lets you see invisible.
 B - an uncursed ring of protection from fire
Wands
 d - a wand of clouds (9)
 e - a wand of flame (36)
 l - a wand of digging (32)
 p - a wand of polymorph (24)
 y - a wand of enslavement (15)
 D - a wand of acid (9)
 E - a wand of iceblast (12)
 M - a wand of random effects (36)
Scrolls
 g - 12 scrolls of identify {!r}
 h - 4 scrolls of enchant weapon {!r}
 i - 3 scrolls of amnesia {!r}
 j - 3 scrolls of remove curse {!r}
 k - 4 scrolls of magic mapping {!r}
 m - a scroll of enchant armour {!r}
 n - 12 scrolls of teleportation {!r}
 o - 4 scrolls of blinking {!r}
 r - 2 scrolls of vulnerability {!r}
 t - a scroll of fear {!r}
 w - a scroll of fog {!r}
 x - 2 scrolls of acquirement {!r}
 z - 2 scrolls of torment {!r}
 C - 2 scrolls of noise {!r}
 K - a scroll of holy word {!r, unknown}
Miscellaneous
 H - a lamp of fire
 I - a phial of floods
 J - a fan of gales


   Skills:
 - Level 1.5 Dodging
 - Level 1.5 Stealth
 + Level 2.7 Shields
 + Level 19.0 Spellcasting
 - Level 0.7 Transmutations
 * Level 19.0 Earth Magic


You had 7 spell levels left.
You knew the following spells:

 Your Spells              Type           Power        Failure   Level  Hunger
a - Iron Shot             Conj/Erth      #######...   1%          6    N/A
b - Passwall              Tmut/Erth      #######.     1%          2    N/A
c - Sandblast             Erth           ######       0%          1    N/A
d - Lee's Rapid Deconstr  Erth           ########..   0%          5    N/A
e - Shatter               Erth           ########..   6%          9    N/A
g - Deflect Missiles      Chrm/Air       ####......   58%         6    N/A
h - Yara's Violent Unrav  Hex/Tmut       ####......   3%          5    N/A
q - Borgnjor's Vile Clut  Necr/Erth      ########..   1%          5    N/A
v - Blink                 Tloc           N/A          1%          2    N/A
w - Irradiate             Conj/Tmut      ####......   3%          5    N/A

Your spell library contained the following spells:

 Spells                   Type           Power        Failure   Level  Hunger
 Cause Fear               Hex            ####......   5%          4    N/A
 Magic Dart               Conj           ####         1%          1    N/A
 Apportation              Tloc           ####..       1%          1    N/A
 Conjure Flame            Conj/Fire      ####....     1%          3    N/A
 Bolt of Magma            Conj/Fire/Erth #######...   1%          5    N/A
 Slow                     Hex            ####....     1%          2    N/A
 Confuse                  Hex            ####....     1%          3    N/A
 Mephitic Cloud           Conj/Pois/Air  ####....     1%          3    N/A
 Venom Bolt               Conj/Pois      ####......   4%          5    N/A
 Summon Small Mammal      Summ           ####         1%          1    N/A
 Iskenderun's Mystic Bla  Conj           ####....     1%          4    N/A
 Animate Skeleton         Necr           N/A          1%          1    N/A
 Summon Ice Beast         Ice/Summ       ####....     5%          4    N/A
 Call Imp                 Summ           ####....     1%          2    N/A
 Stone Arrow              Conj/Erth      ######       1%          3    N/A
 Spider Form              Tmut/Pois      ####......   1%          3    N/A
 Blade Hands              Tmut           ####......   11%         5    N/A
 Statue Form              Tmut/Erth      #######..    1%          6    N/A
 Ice Form                 Ice/Tmut       ####....     4%          4    N/A
 Dragon Form              Tmut           ####......   96%         7    N/A
 Shadow Creatures         Summ           N/A          58%         6    N/A
 Confusing Touch          Hex            ####..       1%          1    N/A
 Sticks to Snakes         Tmut           ####....     1%          2    N/A
 Call Canine Familiar     Summ           ####....     1%          3    N/A
 Ensorcelled Hibernation  Hex/Ice        ####..       1%          2    N/A
 Metabolic Englaciation   Hex/Ice        ####......   14%         5    N/A
 Silence                  Hex/Air        ####......   14%         5    N/A
 Petrify                  Tmut/Erth      #######.     1%          4    N/A
 Orb of Destruction       Conj           ####......   65%         7    N/A
 Leda's Liquefaction      Hex/Erth       #######...   1%          4    N/A
 Darkness                 Hex            ####......   58%         6    N/A
 Beastly Appendage        Tmut           ####..       1%          1    N/A
 Iskenderun's Battlesphe  Conj/Chrm      ####....     4%          5    N/A
 Fulminant Prism          Conj/Hex       ####......   1%          4    N/A
 Dazzling Spray           Conj/Hex       ####..       1%          3    N/A
 Force Lance              Conj/Tloc      ####....     1%          4    N/A
 Searing Ray              Conj           ####..       1%          2    N/A
 Discord                  Hex            ####......   100%        8    N/A
 Summon Lightning Spire   Summ/Air       ####....     5%          4    N/A
 Summon Guardian Golem    Hex/Summ       ####....     1%          3    N/A
 Spellforged Servitor     Conj/Summ      ####......   65%         7    N/A
 Hydra Form               Tmut           ####......   50%         6    N/A
 Gell's Gravitas          Tloc           ####......   1%          3    N/A

Dungeon Overview and Level Annotations

Branches:
Dungeon (12/15)            Temple (1/1) D:6            Lair (6/6) D:9
  Swamp (0/4) Lair:3        Snake (4/4) Lair:4        Slime (0/5) Lair:6
    Orc (2/2) D:11            Elf (0/3) Orc:2

Altars:
Ashenzari
Cheibriados
Dithmenos
Elyvilon
Fedhas
Gozag
Kikubaaqudgha
Makhleb
Nemelex Xobeh
Okawaru
Qazlal
Ru
Trog
Vehumet
Wu Jian
Zin
Beogh
Jiyva

Shops:
Orc:2 !%*=   Snake:3 [

Annotations:
D:2 Meatbag's ghost, amateur MiFi
D:7 flight/dig+blink


Innate Abilities, Weirdness & Mutations

You do not eat or drink.
Your flesh is vulnerable to fire.
You are immune to poison.
Your flesh is cold resistant. (rC+)
You are immune to negative energy. (rN+++)
You are immune to unholy pain and torment.
You can survive without breathing.
You are in touch with the powers of death.


Message History

Confirm with . or Enter, or press ? or * to list all spells.
You feel a surge of power!
The dungeon rumbles!
You kill the anaconda!
Vehumet accepts your kill.
You feel your power returning.
Your Earth Magic skill increases to level 19!
You kill the naga mage!
Vehumet accepts your kill.
You feel your power returning.
You kill the black mamba!
Vehumet accepts your kill.
Ka-crash!
You hear an angry hiss. x2; You hear a shout!
A guardian serpent comes into view.
Unknown command.
Casting: Shatter (quite dangerous; 6% risk of failure)
Confirm with . or Enter, or press ? or * to list all spells.
You feel a surge of power!
The dungeon rumbles!
The guardian serpent is severely wounded.
A door shatters!
Ka-crash!
You hear an angry hiss. x3; You hear a roar!
You hear an angry hiss.
You hear a roar!
You hear a shout! x5
The guardian serpent coils itself and performs some mystic snake dance.
The black mamba bites you! The anaconda misses you. The anaconda bites you!
The mana viper bites you.
You feel your power leaking away. The anaconda misses you.
The anaconda bites you!
* * * LOW HITPOINT WARNING * * *
The shock serpent bites you.
* * * LOW HITPOINT WARNING * * *
The shock serpent shocks you!
* * * LOW HITPOINT WARNING * * *
A black mamba comes into view.
Unknown command.
Unknown command.
Casting: Shatter (quite dangerous; 6% risk of failure)
Confirm with . or Enter, or press ? or * to list all spells.
You feel a surge of power!
The dungeon rumbles!
You kill the black mamba!
Vehumet accepts your kill.
You feel your power returning.
You kill the mana viper!
Vehumet accepts your kill.
You feel your power returning.
You kill the anaconda!
Vehumet accepts your kill.
You feel your power returning.
Your Spellcasting skill increases to level 19!
The anaconda is severely wounded.
The shock serpent is almost dead.
You kill the guardian serpent!
Vehumet accepts your kill.
You kill the black mamba!
Vehumet accepts your kill.
The anaconda is almost dead.
Ka-crash!
The shock serpent's electric aura discharges violently, shocking you!
* * * LOW HITPOINT WARNING * * *
You hear an angry hiss. x3; You hear a roar!
You hear a shout!
The anaconda grabs you. The anaconda bites you!
* * * LOW HITPOINT WARNING * * *
You die...

...............
#..............
.....#...#......
.................
N..†............. .
.†.)............ k.
.)......S......
≈........†@...†...
≈...#......S......
§§................
#§≈≈..............
#.≈≈≈...........#.
.##≈≈≈............###..%
#.≈S≈(........<.......
†.≈§≈†.........###...
..##≈≈.........#+


You could see 2 anacondas and a shock serpent.

Vanquished Creatures
  A nagaraja (Snake:4)
  Aizul (Snake:1)
  Nessos (Orc:2)
  An ettin (Orc:1)
  Fannar (D:11)
  Erolcha (Orc:1)
  2 hydras (Lair:6)
  6 naga warriors
  15 anacondas
  Erica (D:8)
  4 two-headed ogres
  4 orc high priests (Orc:2)
  6 naga sharpshooters
  5 shock serpents
  Sonja (D:10)
  Nergalle (Lair:4)
  2 salamander mystics
  An unseen horror (D:12)
  2 lindwurms (Snake:4)
  6 naga ritualists
  6 orc knights
  3 orc sorcerers (Orc:2)
  10 mana vipers
  A manticore (D:11)
  An ugly thing (D:11)
  6 salamanders
  4 oklob plants
  5 guardian serpents
  37 black mambas
  17 naga magi
  Maurice (D:8)
  2 gargoyles
  28 spiny frogs
  Joseph (D:8)
  2 komodo dragons
  A rime drake (Lair:2)
  3 trolls
  A hornet (D:11)
  6 polar bears
  5 tyrant leeches (Lair:6)
  9 hippogriffs
  13 blink frogs (Lair:6)
  3 bog bodies (Lair:3)
  3 vampires
  A wraith (D:9)
  A spriggan (D:9)
  Eustachio (D:4)
  2 wyverns (D:12)
  52 yaks
  4 basilisks
  6 vampire mosquitoes (Lair:6)
  Menkaure (D:6)
  2 swamp worms (Lair:3)
  2 wargs
  7 water moccasins
  34 nagas
  6 porcupines
  31 orc warriors
  3 sky beasts
  3 ice beasts
  An eye of draining (D:8)
  A phantom (D:10)
  5 centaurs
  14 ogres
  14 wolves
  12 crocodiles
  2 big kobolds
  26 bullfrogs
  6 scorpions
  The ghost of lurker the Charmwright, a weakling GnSk (D:4)
  16 killer bees (D:10)
  4 electric eels
  4 wights (D:11)
  6 crimson imps
  4 howler monkeys
  5 jellies
  A quasit (D:10)
  3 centaur zombies
  2 bullfrog zombies
  20 orc priests
  3 hounds
  2 bullfrog skeletons
  3 iguanas (D:5)
  25 orc wizards
  10 worker ants
  A hound zombie (D:10)
  A hound skeleton (D:4)
  A worker ant zombie (D:5)
  16 adders
  4 gnolls (D:3)
  A river rat (D:3)
  4 shadow imps
  4 worms
  An adder skeleton (D:9)
  93 orcs
  4 bats
  3 giant cockroaches
  8 goblins
  5 hobgoblins
  26 jackals
  15 kobolds
  6 quokkas
  6 ball pythons
  5 frilled lizards
  5 rats
  2 fungi
  32 plants
819 creatures vanquished.

Vanquished Creatures (others)
  2 blink frogs (Lair:6)
  A naga (Snake:1)
  An orc priest (Orc:2)
  An orc (Orc:2)
  11 fungi
  47 plants
63 creatures vanquished.

Grand Total: 882 creatures vanquished

Notes
Turn   | Place    | Note
-------+----------+-------------------------------------------
     0 | D:1      | Amnesiac the Mummy Earth Elementalist began the quest for the Orb.
     0 | D:1      | Reached XP level 1. HP: 13/13 MP: 4/4
     6 | D:1      | Noticed a queen ant
     6 | D:1      | Noticed a tyrant leech
     6 | D:1      | Noticed a basilisk
     7 | D:1      | Noticed an ettin
    76 | D:2      | Reached XP level 2. HP: 19/19 MP: 2/5
    85 | D:2      | Learned a level 2 spell: Passwall
   190 | D:2      | Reached XP level 3. HP: 24/24 MP: 2/7
   195 | D:2      | Learned a level 3 spell: Stone Arrow
   532 | D:3      | Reached XP level 4. HP: 30/30 MP: 9/9
   543 | D:3      | Learned a level 4 spell: Petrify
   878 | D:4      | Noticed an ogre
   885 | D:4      | Killed an ogre
   885 | D:4      | Reached XP level 5. HP: 34/35 MP: 5/11
   933 | D:4      | Noticed Eustachio
   990 | D:4      | Killed Eustachio
   990 | D:4      | Reached skill level 5 in Earth Magic
   990 | D:4      | Reached XP level 6. HP: 41/41 MP: 7/13
  1056 | D:4      | Reached skill level 5 in Spellcasting
  1488 | D:4      | Got a translucent dagger
  1865 | D:4      | Found a runed door.
  1884 | D:4      | Noticed lurker's ghost (weakling GnSk)
  1980 | D:5      | Entered Level 5 of the Dungeon
  1981 | D:5      | Reached XP level 7. HP: 46/46 MP: 13/15
  1992 | D:5      | Found a sparkling altar of Nemelex Xobeh.
  1993 | D:5      | Found an opulent altar of Gozag.
  2543 | D:5      | Identified the +5 dagger "Xeej" {drain, rF+} (You found it on level 4 of the Dungeon)
  2560 | D:5      | Learned a level 2 spell: Blink
  2955 | D:5      | Found a white marble altar of Elyvilon.
  3156 | D:6      | Learned a level 5 spell: Lee's Rapid Deconstruction
  3157 | D:6      | Reached XP level 8. HP: 34/52 MP: 4/18
  3836 | D:6      | Found a staircase to the Ecumenical Temple.
  4001 | Temple   | Entered the Ecumenical Temple
  4026 | Temple   | Became a worshipper of Vehumet
  4923 | D:2      | Found a faded altar of an unknown god.
  5196 | D:2      | Reached * piety under Vehumet
  5196 | D:2      | Offered knowledge of Shock by Vehumet.
  5571 | D:3      | Found a runed door.
  5945 | D:3      | Found a runed door.
  5946 | D:3      | Noticed Meatbag's ghost (amateur MiFi)
  6471 | D:4      | Offered knowledge of Throw Frost by Vehumet.
  6482 | D:4      | Killed lurker's ghost
  6482 | D:4      | Reached ** piety under Vehumet
  6580 | D:6      | Noticed Menkaure
  6589 | D:6      | Killed Menkaure
  7436 | D:7      | Found a glowing silver altar of Zin.
  7436 | D:7      | Found a sacrificial altar of Ru.
  7589 | D:8      | Reached XP level 9. HP: 57/57 MP: 5/21
  7695 | D:8      | Found an ornate altar of the Wu Jian Council.
  7698 | D:8      | Noticed Joseph
  7758 | D:8      | Noticed Maurice
  7763 | D:8      | Killed Maurice
  8016 | D:8      | Killed Joseph
  8057 | D:8      | Found a bloodstained altar of Trog.
  8193 | D:8      | Noticed Erica
  8206 | D:8      | Killed Erica
  8206 | D:8      | Reached skill level 10 in Spellcasting
  8206 | D:8      | Reached skill level 10 in Earth Magic
  8443 | D:8      | Offered knowledge of Throw Flame by Vehumet.
  8471 | D:8      | Found a shadowy altar of Dithmenos.
  8797 | D:9      | Identified a paperback manual
  8867 | D:9      | Reached XP level 10. HP: 63/63 MP: 7/24
  9032 | D:9      | Found a blossoming altar of Fedhas.
  9117 | D:9      | Found an ancient bone altar of Kikubaaqudgha.
  9130 | D:9      | Reached *** piety under Vehumet
  9277 | D:9      | Noticed a two-headed ogre
  9281 | D:9      | Killed a two-headed ogre
  9393 | D:9      | Found a staircase to the Lair.
  9409 | D:9      | Offered knowledge of Ignite Poison by Vehumet.
 10044 | D:10     | Entered Level 10 of the Dungeon
 10044 | D:10     | Noticed a gargoyle
 10045 | D:10     | Killed a gargoyle
 10397 | D:10     | Reached **** piety under Vehumet
 10433 | D:10     | Offered knowledge of Irradiate by Vehumet.
 10451 | D:10     | Learned a level 5 spell: Irradiate
 10458 | D:10     | Learned a level 6 spell: Iron Shot
 10484 | D:10     | Reached XP level 11. HP: 61/68 MP: 12/26
 10540 | D:10     | Noticed a two-headed ogre
 10543 | D:10     | Killed a two-headed ogre
 10921 | D:10     | Noticed Sonja
 10923 | D:10     | Killed Sonja
 11155 | D:11     | Noticed Fannar
 11155 | D:11     | Noticed a two-headed ogre
 11211 | D:11     | Found a blossoming altar of Fedhas.
 11251 | D:11     | Found a sparkling altar of Nemelex Xobeh.
 11281 | D:11     | Found a roughly hewn altar of Beogh.
 11281 | D:11     | Found a staircase to the Orcish Mines.
 11287 | D:11     | Reached ***** piety under Vehumet
 11304 | D:11     | Offered knowledge of Bolt of Fire by Vehumet.
 11418 | D:11     | Noticed a cyan ugly thing
 11423 | D:11     | Killed a cyan ugly thing
 11882 | D:11     | Killed Fannar
 12216 | D:11     | Killed a two-headed ogre
 12834 | D:12     | Reached XP level 12. HP: 74/74 MP: 19/29
 13693 | D:12     | Offered knowledge of Ozocubu's Refrigeration by Vehumet.
 13965 | D:12     | Noticed a two-headed ogre
 13969 | D:12     | Killed a two-headed ogre
 13984 | D:12     | Identified a scroll of acquirement {!r}
 14252 | Orc:1    | Entered Level 1 of the Orcish Mines
 14252 | Orc:1    | Noticed Erolcha
 14257 | Orc:1    | Killed Erolcha
 14428 | Orc:2    | Entered Level 2 of the Orcish Mines
 14431 | Orc:2    | Noticed Nessos
 14442 | Orc:2    | Killed Nessos
 14939 | Orc:2    | Noticed an orc high priest
 15024 | Orc:2    | Killed an orc high priest
 15337 | Orc:2    | Noticed an orc high priest
 15339 | Orc:2    | Killed an orc high priest
 15923 | Orc:2    | Noticed an orc high priest
 15929 | Orc:2    | Killed an orc high priest
 16009 | Orc:2    | Noticed an orc high priest
 16014 | Orc:2    | Gained mutation: You are in touch with the powers of death. [Mummy growth]
 16014 | Orc:2    | Reached XP level 13. HP: 41/79 MP: 18/31
 16284 | Orc:2    | Found Fatac's Food Shoppe.
 16284 | Orc:2    | Found Rudaon Ream's Distillery.
 16286 | Orc:2    | Found Sopp's Jewellery Shoppe.
 16286 | Orc:2    | Found Anubobaono's Assorted Antiques.
 16471 | Orc:2    | Found a staircase to the Elven Halls.
 16711 | Orc:1    | Reached skill level 15 in Earth Magic
 16818 | Orc:1    | Noticed an ettin
 17066 | Orc:1    | Killed an ettin
 17066 | Orc:1    | Reached skill level 15 in Spellcasting
 17424 | Orc:2    | Bought a pearl ring for 120 gold pieces
 17426 | Orc:2    | Bought an uncursed ring of fire for 275 gold pieces
 17426 | Orc:2    | Bought the ring "Korhel" {Int+3 SInv} for 311 gold pieces
 17549 | Lair:1   | Entered Level 1 of the Lair of Beasts
 17814 | Lair:1   | Learned a level 9 spell: Shatter
 18485 | Lair:2   | Offered knowledge of Bolt of Cold by Vehumet.
 20418 | Lair:3   | Found a staircase to the Swamp.
 20815 | Lair:4   | Found a staircase to the Snake Pit.
 20822 | Lair:4   | Noticed Nergalle
 20834 | Lair:4   | Killed Nergalle
 21144 | Lair:4   | Reached XP level 14. HP: 85/85 MP: 9/34
 21267 | Lair:4   | Learned a level 6 spell: Deflect Missiles
 21273 | Lair:4   | Learned a level 5 spell: Yara's Violent Unravelling
 22283 | Lair:6   | Entered Level 6 of the Lair of Beasts
 22689 | Lair:6   | Reached ****** piety under Vehumet
 22689 | Lair:6   | Offered knowledge of Lightning Bolt by Vehumet.
 23489 | Lair:6   | Found a staircase to the Slime Pits.
 23490 | Lair:6   | Found a viscous altar of Jiyva.
 23788 | Lair:6   | Found a shadowy altar of Dithmenos.
 24068 | Snake:1  | Entered Level 1 of the Snake Pit
 24128 | Snake:1  | Noticed Aizul
 24307 | Snake:1  | Killed Aizul
 25304 | Snake:1  | Learned a level 5 spell: Borgnjor's Vile Clutch
 25310 | Snake:2  | Reached XP level 15. HP: 90/90 MP: 27/36
 25315 | Snake:2  | Offered knowledge of Freezing Cloud by Vehumet.
 27501 | Snake:3  | Offered knowledge of Poison Arrow by Vehumet.
 27965 | Snake:3  | Found Benlay's Armour Shop.
 27970 | Snake:3  | Bought a +1 pair of boots of flying for 330 gold pieces
 27970 | Snake:3  | Bought the +2 cloak of the Thief {+Fog Slay-2 SInv Stlth+} for 402 gold pieces
 27970 | Snake:3  | Found the +2 cloak of the Thief {+Fog Slay-2 SInv Stlth+}
 27970 | Snake:3  | Bought the cursed +0 pair of gloves of Foleg {Int+7} for 464 gold pieces
 28367 | Snake:3  | Reached skill level 1 in Shields
 28705 | Snake:4  | Entered Level 4 of the Snake Pit
 28746 | Snake:4  | Noticed a nagaraja
 28749 | Snake:4  | Killed a nagaraja
 28749 | Snake:4  | Reached XP level 16. HP: 96/96 MP: 23/38
 28947 | Snake:4  | HP: 1/96 [anaconda (11)]
 28947 | Snake:4  | Slain by an anaconda

Vault maps used:
D:1:      onia_arrival_zoo_common, minmay_misc_feat_doors,
          kennysheep_flooded_box
D:2:      chequers_ecumenical_altar_island, minmay_tromino_v7
D:3:      ebering_ghost_sewer_f, serial_forest, infiniplex_forest_lined_room_3,
          infiniplex_forest_clump_small, infiniplex_forest_clump_small,
          infiniplex_forest_clump_C, infiniplex_forest_lined_room_,
          infiniplex_forest_clump_large, infiniplex_forest_clump_large,
          infiniplex_forest_lined_3, infiniplex_forest_clump_C, first_ration
D:4:      ebering_ghost_sewer_d, uniq_eustachio
D:5:      grunt_temple_overflow_opulence, elyvilon_altar_4
D:6:      lemuel_temple_firewalk_a, uniq_menkaure
D:7:      minitemple, minivault_11, water_boxes_lemuel
D:8:      overflow_temple_1_default, trog_eyes_of_draining,
          nicolae_dithmenos_the_darkroom, uniq_erica, uniq_maurice, uniq_joseph
D:9:      overflow_temple_1_default, david_lair_generic, basic_altar,
          the_bakery, lightli_fourway_metalbox
D:10:     uniq_sonja
D:11:     david_orc_5, basic_altar, fedhas_altar_3, uniq_fannar
Temple:   regret_index_temple_waves
Lair:2:   small_statue_intersection, lemuel_fruit_fields, grunt_megastairs_1,
          minmay_lair_oklob_chamber
Lair:3:   nicolae_swamp_entry_splash_gauntlet, cheibrodos_lair_lostbears
Lair:4:   minmay_snake_entry_guardpost_small, uniq_nergalle
Lair:5:   disabler_island, infiniplex_staircase_pool
Lair:6:   minmay_lair_end_frog_pond, slime_altar_1, basic_altar
Snake:1:  uniq_aizul
Snake:3:  serial_shops, nicolae_shop_stone, hangedman_snake_corridor_cut
Snake:4:  snake_pit_salamanders_mu
Orc:1:    uniq_erolcha
Orc:2:    grunt_orc_tribal_feast, uniq_nessos

Skill      XL: |  1  2  3  4  5  6  7  8  9 10 11 12 13 14 15 16 |
---------------+-------------------------------------------------+-----
Earth Magic    | 3 4 5 6 8 10 11 13 14 16 17 18 19 | 19.0
Spellcasting   | 3 4 5 6 8 10 11 13 14 16 17 18 19 | 19.0
Shields        | 1 2 |  2.7
Dodging        | |  1.5
Stealth        | |  1.5
Transmutations | |  0.7

Action                   |  1- 3 |  4- 6 |  7- 9 | 10-12 | 13-15 | 16-18 || total
-------------------------+-------+-------+-------+-------+-------+-------++-------
Melee: Morningstar       |    10 |    27 |       |       |       |       ||    37
       Rapier            |       |     9 |    15 |       |       |       ||    24
       Dagger            |       |       |   162 |       |       |       ||   162
       Staff             |       |       |       |    96 |    25 |       ||   121
 Cast: Sandblast         |    17 |    19 |    25 |   121 |    47 |       ||   229
       Stone Arrow       |       |    13 |    98 |       |       |       ||   111
       Lee's Rapid Decon |       |       |    36 |   204 |   145 |       ||   385
       Petrify           |       |       |     4 |    23 |    24 |       ||    51
       Iron Shot         |       |       |       |    12 |    51 |     1 ||    64
       Irradiate         |       |       |       |     3 |     8 |       ||    11
       Passwall          |       |       |       |       |     6 |       ||     6
       Shatter           |       |       |       |       |    95 |    10 ||   105
Evoke: Wand              |       |       |     1 |     4 |     9 |       ||    14
  Use: Scroll            |       |     1 |    12 |     6 |     5 |       ||    24
 Stab: Petrified         |       |       |    11 |       |       |       ||    11
Armor: Robe              |     3 |     5 |    54 |    49 |    30 |     2 ||   143
Dodge: Dodged            |    25 |    41 |   146 |   130 |   102 |     2 ||   446

Table legend:
 A = Spawn XP
 B = Non-spawn XP
 C = Spawn XP percentage of total XP
 D = Spawn monster count
 E = Non-spawn monster count
 F = Spawn count percentage of total count
 G = Total turns spent on level
                    A         B        C        D         E        F      G
               +---------+---------+-------+---------+---------+-------+---------
         Total |       0 |  167893 |   0.0 |       0 |     787 |   0.0 | 28947
               +---------+---------+-------+---------+---------+-------+---------
           D:1 |       0 |      21 |   0.0 |       0 |      13 |   0.0 |   632
           D:2 |       0 |      95 |   0.0 |       0 |      28 |   0.0 |  1164
           D:3 |       0 |     218 |   0.0 |       0 |      26 |   0.0 |  1170
           D:4 |       0 |     914 |   0.0 |       0 |      24 |   0.0 |  1873
           D:5 |       0 |     504 |   0.0 |       0 |      18 |   0.0 |   691
           D:6 |       0 |     706 |   0.0 |       0 |      23 |   0.0 |  1217
           D:7 |       0 |     247 |   0.0 |       0 |      11 |   0.0 |   776
           D:8 |       0 |    2736 |   0.0 |       0 |      20 |   0.0 |  1228
           D:9 |       0 |    3497 |   0.0 |       0 |      34 |   0.0 |  1497
          D:10 |       0 |    5216 |   0.0 |       0 |      53 |   0.0 |   962
          D:11 |       0 |    7641 |   0.0 |       0 |      70 |   0.0 |  1667
          D:12 |       0 |    4696 |   0.0 |       0 |      26 |   0.0 |  1404
        Lair:1 |       0 |    1609 |   0.0 |       0 |       9 |   0.0 |   558
        Lair:2 |       0 |    6363 |   0.0 |       0 |      29 |   0.0 |  1159
        Lair:3 |       0 |    7797 |   0.0 |       0 |      37 |   0.0 |  1441
        Lair:4 |       0 |    5566 |   0.0 |       0 |      22 |   0.0 |  1193
        Lair:5 |       0 |    4141 |   0.0 |       0 |      16 |   0.0 |  1289
        Lair:6 |       0 |   19688 |   0.0 |       0 |      75 |   0.0 |  1034
       Snake:1 |       0 |    8264 |   0.0 |       0 |      16 |   0.0 |  1932
       Snake:2 |       0 |   25430 |   0.0 |       0 |      53 |   0.0 |  1406
       Snake:3 |       0 |   29816 |   0.0 |       0 |      59 |   0.0 |  1319
       Snake:4 |       0 |   15348 |   0.0 |       0 |      22 |   0.0 |    67
         Orc:1 |       0 |    5121 |   0.0 |       0 |      32 |   0.0 |   829
         Orc:2 |       0 |   12259 |   0.0 |       0 |      71 |   0.0 |  2393
               +---------+---------+-------+---------+---------+-------+---------
